Map: Еонсу РВ

Players

Murena - Winner!

  • Race: Terran Terran
  • Spawn Location: 7:00

ИИ 1 (эксперт)

  • Race: Protoss Protoss
  • Spawn Location: 1:00

VOD

Have the link to the VOD?

Description

Time

  • Played on: Feb. 27, 2019, 7:11 a.m.
  • Length: 19:22
Show
View Real Time Build Order
Export as new Build Order

Murena Terran - Winner!

Build Orders:  

Get SALT Encoding   

  12  0:09  Refinery  
  12  0:11  SCV  
  13  0:23  SCV  
  13  0:27  Supply Depot  
  14  0:36  SCV  
  14  0:39  Refinery  
  15  0:49  SCV  
  16  1:03  Barracks  
  16  1:04  SCV  
  17  1:17  SCV  
  18  1:23  Supply Depot  
  18  1:29  SCV  
  19  1:42  SCV  
  20  1:51  Factory  
  20  1:53  Marine  
  21  1:57  SCV  
  22  2:10  SCV  
  22  2:11  Marine  
  24  2:22  Orbital Command  
  24  2:30  Barracks Reactor  
  24  2:37  Factory Reactor, Starport  
  24  2:50  SCV  
  25  2:51  Starport  
  25  3:05  SCV  
  26  3:06  Marine  
  26  3:07  Marine, Supply Depot  
  28  3:12  Starport Tech Lab  
  28  3:17  SCV  
  29  3:28  Starport Tech Lab  
  29  3:32  Banshee  
  32  3:44  SCV  
  32  3:47  Marine  
  34  3:49  Marine  
  34  3:53  Command Center  
  35  4:00  Banshee  
  38  4:08  Supply Depot  
  38  4:10  Marine  
  39  4:19  Supply Depot  
  39  4:26  Starport  
  39  4:32  Fusion Core  
  39  4:38  Banshee  
  42  4:40  SCV  
  43  4:48  Banshee  
  43  4:52  SCV  
  47  5:03  Starport Reactor, Supply Depot  
  47  5:05  Cloaking Field  
  48  5:07  SCV  
  48  5:08  SCV  
  49  5:21  Banshee  
  52  5:25  Hyperflight Rotors  
  52  5:26  SCV  
  52  5:28  SCV  
  54  5:39  Viking  
  54  5:41  SCV  
  54  5:42  SCV  
  58  5:47  Marine x2  
  58  5:49  Hellion  
  64  5:50  Hellion  
  64  5:54  Refinery  
  64  5:56  SCV, Refinery  
  65  5:58  SCV  
  65  6:03  Viking  
  68  6:13  Marine x2  
  68  6:18  SCV  
  71  6:19  SCV  
  71  6:20  Supply Depot  
  72  6:29  Supply Depot  
  72  6:36  Battlecruiser  
  78  6:42  SCV  
  78  6:45  SCV  
  80  6:48  Widow Mine  
  80  6:49  Widow Mine  
  84  7:00  Orbital Command  
  84  7:03  Marine x2  
  84  7:08  Battlecruiser  
  92  7:13  SCV  
  93  7:18  Supply Depot  
  93  7:21  Marine  
  94  7:28  Engineering Bay  
  94  7:37  Starport  
  94  7:40  Supply Depot  
  94  7:45  Battlecruiser  
  94  7:47  SCV  
  94  7:48  SCV  
  102  7:51  Supply Depot  
  102  7:56  Missile Turret  
  102  7:57  Missile Turret  
  102  8:03  Medivac x2  
  106  8:06  SCV x2  
  108  8:14  Banshee  
  108  8:15  Starport Tech Lab  
  108  8:18  Marine x2  
  113  8:20  Hellion  
  113  8:21  Hellion  
  113  8:22  SCV  
  118  8:27  Supply Depot  
  118  8:31  Weapon Refit  
  118  8:36  Supply Depot  
  118  8:50  Marine  
  118  8:51  Marine  
  118  8:53  Banshee  
  123  8:56  Banshee  
  123  9:00  Command Center  
Show
View Real Time Build Order
Export as new Build Order

ИИ 1 (эксперт) Protoss 

Build Orders: 1 Gate Expand, Colossus Rush 

Get SALT Encoding   

  12  0:00  Probe  
  13  0:13  Probe  
  14  0:21  Pylon  
  14  0:25  Probe  
  15  0:35  Probe  
  16  0:43  Probe  
  17  0:50  Gateway  
  17  0:52  Probe  
  18  1:00  Probe  
  19  1:19  Probe  
  19  1:20  Nexus  
  20  1:31  Probe  
  21  1:35  Pylon  
  21  1:37  Zealot  
  23  1:45  Cybernetics Core  
  23  1:49  Assimilator  
  23  1:53  Probe  
  24  2:06  Probe  
  25  2:18  Probe  
  25  2:21  Pylon  
  26  2:23  Warp Gate  
  26  2:27  Probe  
  26  2:33  Gateway, Probe  
  26  2:35  Probe  
  26  2:36  Assimilator  
  29  2:45  Probe  
  30  2:53  Stalker  
  30  2:54  Probe  
  30  2:55  Pylon  
  30  2:58  Probe  
  34  3:06  Probe  
  34  3:10  Probe  
  36  3:17  Adept  
  36  3:20  Probe, Adept  
  36  3:23  Probe  
  36  3:26  Robotics Facility  
  42  3:32  Probe  
  43  3:35  Probe  
  44  3:43  Adept  
  44  3:45  Probe  
  44  3:46  Adept  
  44  3:47  Probe  
  50  3:57  Probe  
  50  3:59  Probe  
  52  4:07  Pylon  
  52  4:09  Probe  
  53  4:11  Probe  
  53  4:16  Gateway  
  54  4:18  Robotics Bay  
  54  4:21  Probe, Adept x2  
  59  4:27  Pylon  
  59  4:28  Observer  
  60  4:34  Probe  
  60  4:36  Probe, Pylon  
  62  4:49  Robotics Facility  
  62  4:57  Stalker  
  64  5:02  Zealot, Gateway, Pylon  
  66  5:10  Zealot  
  68  5:18  Pylon  
  68  5:20  Stalker  
  70  5:22  Zealot  
  70  5:24  Zealot  
  74  5:42  Colossus  
  74  5:43  Probe  
  74  5:45  Assimilator  
  74  5:47  Forge  
  74  5:48  Assimilator  
  81  5:50  Forge  
  81  5:54  Nexus, Stalker  
  83  6:07  Probe  
  83  6:08  Probe  
  85  6:12  Sentry  
  85  6:17  Stalker  
  89  6:19  Probe  
  89  6:20  Probe  
  89  6:22  Stalker, Pylon  
  93  6:28  Pylon  
  93  6:32  Immortal  
  97  6:40  Immortal  
  101  6:47  Photon Cannon  
  101  6:49  Pylon, Protoss Ground Weapons Level 1, Protoss Ground Armor Level 1  
  101  7:06  Probe  
  101  7:07  Probe x2  
  104  7:15  Probe, Stalker x3  
  104  7:19  Assimilator, Probe x2  
  104  7:20  Observer  
  104  7:21  Pylon  
  113  7:23  Probe  
  113  7:24  Photon Cannon, Stalker  
  113  7:26  Photon Cannon  
  113  7:28  Assimilator  
  116  7:31  Probe  
  116  7:32  Probe  
  116  7:35  Probe  
  116  7:36  Colossus  
  119  7:39  Stalker  
  119  7:43  Probe  
  119  7:44  Probe  
  123  7:47  Probe  
  123  7:49  Photon Cannon  
  130  7:53  Pylon  
  130  7:55  Sentry, Probe  
  130  7:56  Probe  
  134  7:59  Probe  
  135  8:06  Twilight Council  
  135  8:07  Probe  
  135  8:08  Probe  
  135  8:11  Probe  
  138  8:15  Photon Cannon  
  138  8:17  Photon Cannon  
  138  8:19  Probe  
  139  8:20  Blink  
  139  8:22  Pylon  
  139  8:23  Colossus  
  145  8:33  Extended Thermal Lance  
  145  8:41  Protoss Ground Weapons Level 2, Warp Prism  
  145  8:47  Pylon  
  147  8:52  Photon Cannon  
  147  8:56  Nexus  
  147  9:10  Pylon  
  147  9:12  Observer  
  147  9:13  Gateway  
  147  9:14  Stalker  
  147  9:17  Disruptor, Stalker  
  150  9:19  Stalker  
  150  9:23  Stalker  
  141  9:28  Warp Prism  
  124  9:37  Stalker  
  122  9:40  Stalker  
  122  9:42  Stalker  
  122  9:46  Stalker  
  120  9:53  Immortal  
  114  10:00  Stalker  
  114  10:03  Colossus, Stalker  
  114  10:05  Stalker  
  114  10:06  Zealot  
  125  10:08  Sentry  
  106  10:21  Zealot  
  106  10:23  Stalker  
  106  10:26  Zealot, Stalker  
  106  10:27  Assimilator  
  112  10:31  Zealot  
  112  10:32  Observer  
  115  10:36  Nexus  
  115  10:38  Stalker  
  115  10:40  Stalker  
  117  10:47  Stalker  
  117  10:49  Sentry  
  115  10:52  Sentry  
  109  11:00  Zealot  
  109  11:01  Stalker  
  109  11:10  Stalker  
  105  11:12  Sentry  
  105  11:15  Stalker  
  105  11:16  Assimilator  
  101  11:20  Stalker x2  
  101  11:25  Immortal  
  101  11:33  Zealot  
  101  11:35  Stalker  
  99  11:40  Stalker  
  99  11:45  Stalker  
  99  11:52  Stalker  
  99  11:57  Stalker  
  99  11:59  Stalker x2  
  99  12:02  Stalker  
  99  12:06  Stalker  
  97  12:10  Stalker  
  95  12:17  Pylon  
  95  12:20  Stalker  
  95  12:22  Sentry, Stalker  
  99  12:29  Stalker, Pylon  
  97  12:42  Photon Cannon  
  97  12:45  Pylon  
  97  12:47  Pylon  
  97  12:50  Photon Cannon  
  95  12:54  Photon Cannon  
  95  12:56  Nexus  
  95  13:03  Templar Archives  
  93  13:08  Photon Cannon  
  93  13:09  Probe  
  92  13:17  Pylon  
  89  13:21  Probe  
  89  13:25  Probe  
  87  13:31  Probe  
  74  13:37  Probe x2  
  74  13:40  Photon Cannon  
  77  13:42  Probe  
  77  13:47  Probe  
  77  13:53  Gateway  
  77  13:54  Probe  
  77  13:55  Probe  
  66  14:03  Probe  
  66  14:06  Probe  
  57  14:14  Probe  
  57  14:15  Probe, Nexus  
  47  14:22  Probe  
  47  14:23  Probe  
  37  14:27  Nexus  
  37  14:30  Probe  
  32  14:33  Probe  
  28  14:39  Protoss Ground Armor Level 2  
  19  14:47  High Templar  
  19  14:49  Probe  
  19  14:51  Probe  
  18  14:59  Robotics Facility  
  17  15:01  Probe  
  17  15:03  Probe  
  15  15:13  Probe  
  14  15:17  Photon Cannon  
  14  15:19  Sentry  
  16  15:25  Probe  
  15  15:35  Zealot  
  13  15:46  Observer  
  10  15:53  Adept  
  7  16:13  Sentry  
  7  16:37  High Templar  
Tags
 
Add a new tag
Caveats
  • Supply blocks, unpowered buildings, or Contaminate may cause inaccurate times.
  • Supply counts are checked every 10 seconds.